 Dungeon Crawl Stone Soup version 0.28.0-53-g5a82cb258f (webtiles) character file.

Game seed: 8022445489257107428

473796 cbfl8 the Slayer (level 23, -10/354 HPs)
             Began as a Minotaur Berserker on July 22, 2022.
             Was an Elder of Trog.
             Mangled by a demonspawn warmonger
             ... wielding a +2 vampiric demon trident
              (23 damage)
             ... on level 6 of a ziggurat.
             The game lasted 02:48:39 (76291 turns).

cbfl8 the Slayer (Minotaur Berserker)              Turns: 76291, Time: 02:48:40

Health: -10/354    AC: 31    Str: 22    XL:     23   Next: 58%
Magic:  22/22      EV: 21    Int: 10    God:    Trog [****..]
Gold:   2328       SH:  0    Dex: 24    Spells: 22/22 levels left

rFire   + + .      SeeInvis +   b - +9 battleaxe (freeze)
rCold   . . .      Faith    .   (shield currently unavailable)
rNeg    . . .      Spirit   .   A - +4 storm dragon scales
rPois   .          Reflect  .   C - +1 hat
rElec   +          Harm     .   Q - +2 cloak of the Thief {*Fog Slay-2 SInv Stlth+}
rCorr   .          Rampage  +   L - +2 pair of gloves of Sieleqo {Contam Rampage rElec Will+++}
Will    +++++                   q - +2 pair of boots
Stlth   ..........              K - amulet "Cynov" {Rampage Regen+}
HPRegen 2.49/turn               k - ring "Bauthres" {rF++ Int+6 Dex+3}
MPRegen 0.18/turn               N - +4 ring of evasion

@: berserking (expiring), strong-willed (expiring), magic-sapped, corroded,
regenerating (expiring), very quick
A: horns 2, retaliatory headbutt
}: 2/15 runes: decaying, serpentine
a: Renounce Religion, Berserk, Trog's Hand, Brothers in Arms


You were on level 6 of a ziggurat.
You worshipped Trog.
Trog was greatly pleased with you.
You visited 8 branches of the dungeon, and saw 40 of its levels.
You visited 1 ziggurat, and saw 6 of its levels.
You also visited: Sewer and Ice Cave.

You collected 4678 gold pieces.
You spent 2350 gold pieces at shops.

Inventory:

Hand Weapons
 b - a +9 battleaxe of freezing (weapon)
 H - a +6 antimagic battleaxe
Armour
 q - a +2 pair of boots (worn)
 A - +4 storm dragon scales (worn)
 C - a +1 hat (worn)
 L - the +2 pair of gloves of Sieleqo (worn) {Contam Rampage rElec Will+++}
   (You found it on level 1 of the Swamp)

   rElec:     It insulates you from electricity.
   Contam:    It causes magical contamination when unequipped.
   Rampage:   It bestows one free step when moving towards enemies.
   Will:      It greatly increases your willpower.
 Q - the +2 cloak of the Thief (worn) {*Fog Slay-2 SInv Stlth+}
   (You bought it in a shop on level 15 of the Dungeon)

   It may release a thick cloud of smoke when the wearer is hurt.
   Slay:      It affects your accuracy & damage with ranged weapons and melee
   (-2).
   SInv:      It lets you see invisible.
   Stlth:     It makes you more stealthy.
Jewellery
 k - the ring "Bauthres" (left hand) {rF++ Int+6 Dex+3}
   (You found it on level 5 of a ziggurat)

   [ring of intelligence]

   Int:       It affects your intelligence (+6).
   Dex:       It affects your dexterity (+3).
   rF:        It greatly protects you from fire.
 G - a ring of flight
 K - the amulet "Cynov" (around neck) {Rampage Regen+}
   (You took it off a kobold on level 9 of the Dungeon)

   [amulet of regeneration]

   Regen:     It increases your rate of health regeneration.
   Rampage:   It bestows one free step when moving towards enemies.
 N - a +4 ring of evasion (right hand)
 W - the ring "Aqovy Dole" {Fire Contam rPois rCorr}
   (You found it on level 5 of a ziggurat)

   [ring of fire]

   It enhances your fire magic.
   rF:        It protects you from fire.
   rC:        It makes you vulnerable to cold.
   rPois:     It protects you from poison.
   Contam:    It causes magical contamination when unequipped.
   rCorr:     It protects you from acid and corrosion.
Wands
 i - a wand of iceblast (2)
 j - a wand of digging (12)
 o - a wand of flame (32)
 t - a wand of polymorph (4)
 x - a wand of paralysis (3)
 E - a wand of acid (4) (quivered)
 F - a wand of charming (26)
 M - a wand of mindburst (10)
Scrolls
 f - a scroll of blinking
 g - 4 scrolls of immolation
 h - 14 scrolls of teleportation
 r - 6 scrolls of fear
 v - 12 scrolls of fog
 y - 4 scrolls of silence
 z - 14 scrolls of identify
 D - 2 scrolls of enchant weapon
 I - 3 scrolls of brand weapon
 P - a scroll of magic mapping
 T - 6 scrolls of enchant armour
 X - 3 scrolls of summoning
Potions
 a - 4 potions of cancellation
 e - 13 potions of curing
 l - a potion of resistance
 m - a potion of heal wounds
 p - 2 potions of invisibility
 u - 5 potions of haste
 B - 7 potions of lignification
 U - a potion of ambrosia
 V - 4 potions of might
Miscellaneous
 c - a box of beasts
 d - a condenser vane
 n - a phantom mirror
 s - a piece from Xom's chessboard (15/15)
 w - a tin of tremorstones (2/2)
 J - a condenser vane
 O - a box of beasts
 R - a phial of floods
 S - a lightning rod (4/4)
 Y - a tin of tremorstones (2/2)
 Z - a phial of floods


   Skills:
 + Level 25.8 Fighting
 + Level 25.8(26.0) Axes
 + Level 6.9(18.3) Polearms
 + Level 19.5 Armour
 + Level 11.5 Dodging
 * Level 15.0 Stealth
 + Level 1.3 Shields
 * Level 14.9 Evocations


You had 22 spell levels left.
You didn't know any spells.
Your spell library was empty.

Dungeon Overview and Level Annotations

Branches:
Dungeon (15/15)            Temple (0/1) D:7            Lair (6/6) D:8
  Swamp (4/4) Lair:2        Snake (4/4) Lair:3        Slime (0/5) Lair:5
    Orc (2/2) D:9             Elf (1/3) Orc:2        Vaults (4/5) D:14
  Crypt (0/3) Vaults:3     Depths (4/4) D:15            Zot (0/5) Depths:4
  Sewer (visited)           IceCv (visited)

Altars:
Ashenzari
Cheibriados
Dithmenos
Fedhas
Kikubaaqudgha
Nemelex Xobeh
Okawaru
Qazlal
Sif Muna
Uskayaw
The Shining One
Beogh
Jiyva
Lugonu

Shops:
D:1 [(   D:2 *   D:5 =   D:7 (   D:8 **!=   D:11 *   D:15 [   Orc:1 *
Orc:2 (=[*   Snake:1 ::=   Depths:1 **:=

Portals:
Hell: Depths:1 Depths:2 Depths:3 Depths:4
Abyss: Lair:6 Depths:3
Pandemonium: Depths:2
Trove: Vaults:1 (give 11 potions of heal wounds)

Annotations:
D:9 exclusion: orange crystal statue
Depths:2 3 runed translucent doors, Firac's ghost, adept DgCj
Depths:4 exclusion: golden dragon


Innate Abilities, Weirdness & Mutations

You have a pair of horns on your head.
You reflexively headbutt those who attack you in melee.


Message History

The demonspawn warmonger gores you.
* * * LOW HITPOINT WARNING * * *
Unknown command.
You slash the demonspawn warmonger! You freeze the demonspawn warmonger.
You headbutt the demonspawn warmonger!
The demonspawn warmonger is heavily wounded.
Unknown command.
You slash the demonspawn warmonger! You freeze the demonspawn warmonger.
Your headbutt misses the demonspawn warmonger.
The demonspawn warmonger is heavily wounded.
The demonspawn warmonger closely misses you.
The demonspawn warmonger claws you.
* * * LOW HITPOINT WARNING * * *
The demonspawn warmonger gores you!
* * * LOW HITPOINT WARNING * * *
You closely miss the demonspawn warmonger.
You headbutt the demonspawn warmonger!
The demonspawn warmonger is severely wounded.
The demonspawn warmonger hits you with a +2 vampiric demon trident!
* * * LOW HITPOINT WARNING * * *
The demonspawn warmonger claws you but does no damage.
The demonspawn warmonger barely misses you.
You completely miss the demonspawn warmonger.
The demonspawn warmonger is severely wounded.
You feel the effects of Trog's Hand fading.
Unknown command.
You slice the demonspawn warmonger!! You freeze the demonspawn warmonger.
The demonspawn warmonger is almost dead.
The demonspawn warmonger hits you with a +2 vampiric demon trident!
* * * LOW HITPOINT WARNING * * *
The demonspawn warmonger claws you.
* * * LOW HITPOINT WARNING * * *
The demonspawn warmonger closely misses you.
You hit the demonspawn warmonger.
The demonspawn warmonger is almost dead.
The demonspawn warmonger hits you with a +2 vampiric demon trident!
* * * LOW HITPOINT WARNING * * *
The demonspawn warmonger draws strength from your wounds!
The demonspawn warmonger claws you!!
You die...

▓▓▓▓▓▓▓▓▓
▓.......▓
▓▓▓▓.......▓▓▓▓
▓......§......▓
▓|?...§§§§....▓
▓∩"..6@§§.....▓
▓>$|.§§§§§§..∩▓
▓∩?.§§§§§§....▓
▓.............▓
▓.............▓
▓▓▓▓.......▓▓▓▓
▓.......▓
▓▓▓▓▓▓▓▓▓


You could see a demonspawn warmonger (fast, strong, agile, resistant).

Vanquished Creatures
  Mara (Depths:2)
  Sojobo (Depths:2)
  Boris (Vaults:3)
  3 pandemonium lords
  3 caustic shrikes (Depths:2)
  Saint Roka (Snake:4)
  Xtahua (Depths:4)
  Vashnia (Snake:3)
  2 golden dragons
  Nikola (Swamp:2)
  A bone dragon (Swamp:4)
  An electric golem (Zig:5)
  Jorgrun (Swamp:2)
  3 tentacled monstrosities
  Rupert (D:14)
  6 liches
  A titan (Zig:5)
  A quicksilver dragon (Depths:3)
  4 sphinxes
  The ghost of Forgeling the Bewitcher, an adept FeEn of Dithmenos (Vaults:2)
  Kirke (D:15)
  2 shadow dragons
  4 tengu reavers
  A thorn hunter (Swamp:3)
  4 storm dragons
  2 nagarajas
  9 fire giants
  An azure jelly (IceCv)
  A draconian scorcher (Depths:4)
  7 frost giants
  9 vault wardens
  2 iron dragons
  Aizul (Vaults:4)
  An orc warlord (Orc:2)
  A reaper (Depths:2)
  A war gargoyle (Vaults:4)
  16 very ugly things
  9 ironbound thunderhulks
  2 demonspawn blood saints (Zig:6)
  2 quicksilver oozes (IceCv)
  12 ironbound preservers
  A spriggan defender (Depths:3)
  12 stone giants
  A lorocyproca (Zig:4)
  3 vampire knights
  5 eleionomae
  A demonspawn corrupter (Zig:4)
  A deep elf demonologist (Vaults:1)
  2 green draconians (Depths:4)
  2 black draconians (Depths:4)
  A white draconian (Depths:4)
  2 entropy weavers
  10 dire elephants
  2 purple draconians (Depths:4)
  3 bunyips
  A deep elf annihilator (Vaults:1)
  A red draconian (Depths:4)
  13 spark wasps
  A yellow draconian (Depths:4)
  A merfolk javelineer (Depths:4)
  A shambling mangrove (Swamp:3)
  10 ettins
  A blizzard demon (Zig:6)
  2 jiangshi (Depths:3)
  10 fire dragons
  6 great orbs of eyes
  13 yaktaur captains
  14 naga warriors
  A rakshasa (Depths:1)
  A deep elf high priest (Zig:1)
  20 hydras
  2 peacekeepers
  3 vault guards
  8 ice dragons
  8 ironbound frosthearts
  A hell beast (Zig:6)
  A catoblepas (Lair:2)
  8 boulder beetles
  An ogre mage (D:15)
  A ghost crab (Swamp:4)
  11 anacondas
  4 spriggan air magi
  6 alligators
  4 centaur warriors
  9 two-headed ogres
  3 dancing weapons
  A spectral stone giant (Vaults:2)
  Erica (D:8)
  7 deep troll earth magi
  6 death yaks (Lair:6)
  7 deep troll shamans
  A spectral storm dragon (Vaults:2)
  3 orc high priests (Orc:2)
  A vampire mage (Depths:3)
  10 tengu warriors
  3 thrashing horrors (Lair:6)
  11 naga sharpshooters
  3 spriggan berserkers
  Nergalle (D:11)
  4 hell knights
  7 shock serpents
  A sun demon (Depths:2)
  7 salamander mystics
  A skeletal warrior (D:15)
  A sixfirhy (Zig:4)
  A storm dragon skeleton (Depths:1)
  2 goliath frogs (Swamp:1)
  A death drake (Swamp:4)
  33 deep trolls
  2 sea snakes (Snake:3)
  3 spectral hydras (Swamp:4)
  5 bog bodies
  6 iron trolls
  4 spriggan druids
  A shadow demon (Zig:3)
  3 swamp dragons
  3 glowing orange brains
  6 necromancers
  9 harpies
  3 deep elf zephyrmancers (Elf:1)
  A tengu zombie (Depths:1)
  7 phantasmal warriors
  5 orc sorcerers (Orc:2)
  6 orc knights
  9 wizards
  4 naga ritualists
  14 ironbound convokers
  17 lindwurms
  7 deep elf pyromancers
  4 will-o-the-wisps
  10 mana vipers
  36 ugly things
  A human zombie (Vaults:2)
  2 manticores
  7 cyclopes
  A frost giant zombie (Vaults:2)
  23 salamanders
  Maurice (D:9)
  17 vault sentinels
  15 naga magi
  A rust devil (Depths:2)
  4 torpor snails (Depths:3)
  An ice statue (IceCv)
  8 guardian serpents
  42 black mambas
  2 smoke demons (Lair:6)
  13 elephants
  20 cane toads
  4 gargoyles
  An unseen horror (D:12)
  Maggie (D:6)
  8 rime drakes
  3 swamp worm zombies (Swamp:4)
  8 komodo dragons
  2 large abominations (Lair:6)
  A kobold demonologist (D:13)
  2 tormentors
  37 yaktaurs
  3 tengu conjurers
  A golden dragon simulacrum (Vaults:2)
  A spriggan skeleton (Depths:1)
  3 ancient zymes (Lair:6)
  2 entropy weaver simulacra (IceCv)
  2 hydra zombies (Swamp:4)
  2 guardian mummies (Vaults:1)
  A tengu simulacrum (Vaults:2)
  8 trolls
  12 hornets
  A shadow dragon simulacrum (Vaults:2)
  8 tyrant leeches
  3 meliai
  2 iron dragon simulacra
  18 blink frogs
  3 alligator zombies (Swamp:4)
  2 spectral swamp dragons (Swamp:4)
  Prince Ribbit (D:6)
  A meliai zombie (D:10)
  10 dream sheep (Lair:6)
  45 slime creatures
  A flying skull (Vaults:3)
  9 spriggans
  2 centaur simulacra (D:14)
  10 wyverns
  6 wraiths
  2 ettin skeletons
  A water elemental (Depths:4)
  2 shadows
  3 vampires
  4 ynoxinuls
  36 yaks
  4 fire bats (D:10)
  7 hogs (D:15)
  3 redbacks (Vaults:4)
  A chaos spawn (Lair:6)
  3 fire elementals
  5 basilisks
  A steam dragon (D:10)
  9 vampire mosquitoes
  An ogre zombie (Vaults:2)
  4 wargs
  24 nagas
  9 swamp worms
  A naga (shapeshifter) (Lair:6)
  A demonic crawler simulacrum (IceCv)
  A hell hound (D:10)
  4 acid dragons
  21 water moccasins
  A floating eye (Depths:3)
  6 swamp drakes
  A human skeleton (Vaults:2)
  2 ice beasts
  4 sky beasts
  37 orc warriors
  3 necrophages
  6 black bears
  5 swamp dragon zombies (Swamp:4)
  An ugly thing simulacrum (IceCv)
  10 boggarts
  6 ogres
  8 centaurs
  6 phantoms
  A kobold brigand (D:9)
  21 bullfrogs
  A wyvern zombie (D:8)
  Blork the orc (D:5)
  2 scorpions (D:5)
  3 glowing shapeshifter simulacra
  A jelly (D:5)
  A water moccasin zombie (D:6)
  A water moccasin skeleton (D:5)
  9 killer bees
  7 small abominations (Lair:6)
  2 human simulacra (Vaults:2)
  8 wights
  4 electric eels
  8 howler monkeys
  5 lava snakes
  5 centaur zombies
  A hound (D:7)
  2 centaur skeletons (D:4)
  23 orc priests
  A gnoll shaman (D:10)
  Natasha (thrice) (D:2)
  5 iguanas
  23 orc wizards
  2 spectral swamp drakes (Swamp:4)
  2 killer bee zombies
  A hound skeleton (D:4)
  7 adders
  17 gnolls
  A swamp drake zombie (Swamp:4)
  A white imp (D:7)
  An adder skeleton (D:4)
  3 worms (D:2)
  99 orcs
  7 ball pythons
  5 bats
  5 endoplasms
  4 giant cockroaches
  5 goblins
  8 hobgoblins
  3 jackals (Sewer)
  8 kobolds
  5 quokkas
  3 frilled lizards
  A quokka skeleton (D:4)
  4 rats (D:1)
  2 fire vortices (D:10)
1570 creatures vanquished.

Vanquished Creatures (collateral kills)
  A golden dragon (Depths:4)
  A fire giant (Depths:3)
  2 vault wardens
  2 ironbound preservers (Vaults:4)
  2 ironbound thunderhulks
  An eleionoma (Swamp:2)
  A naga warrior (Snake:4)
  A salamander tyrant (Snake:4)
  A catoblepas (D:9)
  An anaconda (Snake:4)
  An ironbound frostheart (Vaults:1)
  5 deep trolls (Vaults:4)
  A glowing orange brain (Depths:3)
  A wizard (Depths:3)
  A deep elf zephyrmancer (D:14)
  2 mana vipers (Snake:4)
  2 salamanders (Snake:4)
  A cyclops (D:14)
  A guardian serpent (Snake:4)
  A black mamba (Snake:4)
  A naga mage (Snake:1)
  3 yaktaurs
  A naga (Snake:1)
  3 orc warriors
  2 orc priests (Orc:2)
  An orc (Orc:2)
  2 kobolds (D:9)
42 creatures vanquished.

Vanquished Creatures (others)
  A very ugly thing (D:14)
  5 bloated husks
  A basilisk (D:14)
  2 phantoms (Swamp:4)
  An iguana (Lair:2)
  An orc wizard (D:10)
  A fire vortex (D:10)
  18 foxfires
  39 fungi
  118 plants
187 creatures vanquished.

Grand Total: 1799 creatures vanquished

Notes
Turn   | Place    | Note
-------+----------+-------------------------------------------
     0 | D:1      | cbfl8 the Minotaur Berserker began the quest for the Orb.
     0 | D:1      | Reached XP level 1. HP: 19/19 MP: 0/0
   116 | D:1      | Found Voeblo Lafy's Weapon Shoppe.
   370 | D:1      | Found Ymevisch's Armour Shoppe.
   373 | D:1      | Reached XP level 2. HP: 22/27 MP: 1/1
  1468 | D:2      | Reached XP level 3. HP: 33/33 MP: 2/2
  1487 | D:2      | Noticed Natasha
  1495 | D:2      | Killed Natasha
  1980 | D:2      | Reached XP level 4. HP: 41/41 MP: 3/3
  1980 | D:2      | Reached ** piety under Trog
  2080 | D:2      | Noticed Natasha
  2091 | D:2      | Killed Natasha
  2237 | D:2      | Found Rymupoer's Assorted Antiques.
  2331 | D:2      | Noticed Natasha
  2339 | D:2      | Killed Natasha
  2340 | D:2      | Reached skill level 5 in Axes
  2590 | D:3      | Reached XP level 5. HP: 43/47 MP: 4/4
  2821 | D:3      | Found a faded altar of an unknown god.
  2892 | D:3      | Reached skill level 5 in Fighting
  2893 | D:3      | Found a glowing drain.
  2897 | D:3      | Noticed a necrophage
  2904 | D:3      | Killed a necrophage
  2905 | D:3      | Reached skill level 1 in Stealth
  2905 | D:3      | Reached XP level 6. HP: 56/56 MP: 5/5
  2910 | Sewer    | Entered a sewer
  3004 | Sewer    | Noticed a water moccasin
  3009 | Sewer    | Killed a water moccasin
  3856 | D:4      | Reached skill level 5 in Armour
  3866 | D:4      | Reached XP level 7. HP: 44/62 MP: 6/6
  3956 | D:4      | Reached *** piety under Trog
  5130 | D:5      | Entered Level 5 of the Dungeon
  5153 | D:5      | Reached XP level 8. HP: 51/70 MP: 7/7
  5338 | D:5      | Noticed Blork the orc
  5353 | D:5      | Killed Blork the orc
  6335 | D:5      | Found Owitiorphyq's Jewellery Emporium.
  6542 | D:5      | Found a broken altar of Ashenzari.
  6545 | D:5      | Saw a vision of the Swamp and the Snake Pit.
  6545 | D:5      | Noticed a salamander
  6545 | D:5      | Noticed a naga sharpshooter
  6545 | D:5      | Noticed a black mamba
  6545 | D:5      | Noticed a naga sharpshooter
  6545 | D:5      | Noticed a will-o-the-wisp
  6546 | D:5      | Noticed a naga sharpshooter
  6546 | D:5      | Noticed a goliath frog
  6546 | D:5      | Noticed an alligator
  6547 | D:5      | Noticed an alligator
  6547 | D:5      | Noticed a shock serpent
  6548 | D:5      | Noticed a naga sharpshooter
  6860 | D:2      | Bought a war axe for 77 gold pieces
  7287 | D:6      | Reached **** piety under Trog
  7288 | D:6      | Reached XP level 9. HP: 50/79 MP: 8/8
  7693 | D:6      | Noticed Prince Ribbit
  7700 | D:6      | Killed Prince Ribbit
  7987 | D:6      | Reached skill level 10 in Axes
  8147 | D:6      | Noticed Maggie
  8159 | D:6      | Killed Maggie
  8614 | D:7      | Found Geonkej's Antique Weapon Shoppe.
  9714 | D:7      | Identified the +5 ring mail "Husmyesch" {Will++ Str+4}
  9718 | D:7      | Reached skill level 5 in Polearms
 10046 | D:7      | Reached XP level 10. HP: 85/90 MP: 9/9
 10069 | D:7      | Found a staircase to the Ecumenical Temple.
 10563 | D:8      | Found Noel's Jewellery Shop.
 10618 | D:8      | Found Qacugh's Distillery.
 10625 | D:8      | Bought a potion of curing for 33 gold pieces
 10637 | D:8      | Found a staircase to the Lair.
 10727 | D:8      | Found Amnaost's Assorted Antiques.
 10734 | D:8      | Bought a potion of heal wounds for 160 gold pieces
 10750 | D:8      | Found Luploeck's Assorted Antiques.
 10789 | D:8      | Reached ***** piety under Trog
 11105 | D:8      | Noticed Erica
 12139 | D:8      | Noticed Maurice
 12164 | D:9      | Killed Maurice
 12165 | D:9      | Reached skill level 10 in Armour
 12685 | D:9      | Found an iron altar of Okawaru.
 12717 | D:9      | You fall into a shaft and drop 2 floors!
 13127 | D:10     | Entered Level 10 of the Dungeon
 13598 | D:9      | Identified the amulet "Cynov" {Rampage Regen+}
 13885 | D:9      | Noticed an orange crystal statue
 13995 | D:9      | Found a stormy altar of Qazlal.
 14007 | D:9      | Reached skill level 1 in Evocations
 14008 | D:9      | Reached skill level 10 in Fighting
 14045 | D:9      | Found a blossoming altar of Fedhas.
 14603 | D:8      | Killed Erica
 14604 | D:8      | Reached XP level 11. HP: 100/100 MP: 10/10
 14656 | D:8      | Found a shadowy altar of Dithmenos.
 14656 | D:8      | Found a shimmering blue altar of Sif Muna.
 14657 | D:8      | Found a glowing golden altar of the Shining One.
 14993 | D:9      | Found a staircase to the Orcish Mines.
 15627 | D:10     | Noticed a two-headed ogre
 15638 | D:10     | Killed a two-headed ogre
 15639 | D:10     | Reached skill level 5 in Dodging
 16024 | D:10     | Noticed a two-headed ogre
 16026 | D:10     | Noticed a catoblepas
 16030 | D:10     | Killed a two-headed ogre
 16068 | D:9      | HP: 5/102 [catoblepas/blast of calcifying dust (8)]
 16071 | D:9      | Killed a catoblepas
 16532 | D:10     | Found an ancient bone altar of Kikubaaqudgha.
 16807 | D:10     | Noticed a seven-headed hydra
 16832 | D:10     | Killed a 15-headed hydra
 16881 | D:10     | Noticed a white ugly thing
 16894 | D:10     | Killed a white ugly thing
 16947 | D:10     | Noticed a centaur warrior
 16964 | D:10     | Killed a centaur warrior
 16965 | D:10     | Reached XP level 12. HP: 111/111 MP: 11/11
 17512 | D:11     | Found Wematsak's Assorted Antiques.
 17519 | D:11     | Bought a scroll of identify for 50 gold pieces
 17519 | D:11     | Bought a scroll of identify for 50 gold pieces
 17519 | D:11     | Bought a potion of curing for 75 gold pieces
 17581 | D:11     | Noticed Nergalle
 17592 | D:11     | Killed Nergalle
 17976 | D:12     | Noticed a six-headed hydra
 17980 | D:12     | Killed a six-headed hydra
 18008 | D:12     | Noticed a two-headed ogre
 18019 | D:12     | Killed a two-headed ogre
 18143 | D:12     | Noticed a two-headed ogre
 18148 | D:12     | Killed a two-headed ogre
 18534 | D:12     | Found a sparkling altar of Nemelex Xobeh.
 18596 | D:12     | Reached skill level 5 in Evocations
 18628 | D:12     | Noticed a two-headed ogre
 18635 | D:12     | Killed a two-headed ogre
 18995 | D:12     | Noticed an eight-headed hydra
 19002 | D:12     | Killed a ten-headed hydra
 19003 | D:12     | Reached skill level 15 in Axes
 19202 | D:12     | Noticed a boulder beetle
 19211 | D:12     | Killed a boulder beetle
 19521 | D:12     | Reached XP level 13. HP: 79/122 MP: 12/12
 21045 | Lair:1   | Entered Level 1 of the Lair of Beasts
 22452 | Lair:2   | Found a staircase to the Swamp.
 22837 | Lair:2   | You fall into a shaft and drop 1 floor!
 23593 | Lair:3   | Found a staircase to the Snake Pit.
 24205 | Lair:4   | Reached XP level 14. HP: 101/133 MP: 13/13
 24720 | Lair:4   | Reached skill level 15 in Fighting
 25741 | Lair:5   | Found a viscous altar of Jiyva.
 25741 | Lair:5   | Found a staircase to the Slime Pits.
 26419 | Lair:6   | Entered Level 6 of the Lair of Beasts
 26688 | Lair:6   | Identified the +0 chain mail "Potot" {SInv}
 26820 | Lair:6   | Received a gift from Trog
 26995 | Lair:6   | Reached skill level 10 in Dodging
 27250 | Lair:6   | Found a corrupted altar of Lugonu.
 27250 | Lair:6   | Found a one-way gate to the infinite horrors of the Abyss.
 27358 | Lair:6   | Identified the +7 chain mail of Urchoe Heph {rC+ Stlth+}
 27426 | Lair:6   | Reached XP level 15. HP: 133/145 MP: 14/14
 28194 | Orc:1    | Entered Level 1 of the Orcish Mines
 28219 | Orc:1    | Found a frozen archway.
 28246 | IceCv    | Entered an ice cave
 28251 | IceCv    | Received a gift from Trog
 28964 | IceCv    | Found a viscous altar of Jiyva.
 28964 | IceCv    | Noticed an azure jelly
 28978 | IceCv    | Killed an azure jelly
 29167 | IceCv    | Identified the amulet of Vuime {Regen+ Str+2}
 29179 | IceCv    | Got the +6 short sword of Yredelemnul's Outrage {freeze,
                  | Contam rF+ Str+4}
 29952 | Orc:1    | Found Atroanud's Assorted Antiques.
 29960 | Orc:1    | Bought a potion of heal wounds for 100 gold pieces
 29960 | Orc:1    | Bought a scroll of teleportation for 60 gold pieces
 30127 | Orc:2    | Entered Level 2 of the Orcish Mines
 30398 | Orc:2    | Noticed an orc warlord
 30601 | Orc:2    | Found a staircase to the Elven Halls.
 30697 | Orc:2    | Paralysed by an orc sorcerer for 4 turns
 30718 | Orc:2    | Killed an orc warlord
 31232 | Orc:2    | Found Cogiyt's Antique Armour Emporium.
 31233 | Orc:2    | Found Wiagg's Antique Weapon Shoppe.
 31234 | Orc:2    | Found Mukimeyv's General Store.
 31234 | Orc:2    | Found Faywoiz's Jewellery Emporium.
 32094 | Swamp:1  | Entered Level 1 of the Swamp
 32287 | Swamp:1  | Identified the +2 pair of gloves of Sieleqo {Contam Rampage
                  | rElec Will+++}
 32647 | Swamp:1  | Identified the +0 scale mail of Chill Winds {rC- Will+++
                  | Str-2 Int+9}
 32839 | D:5      | Bought a ring of resist corrosion for 280 gold pieces
 33390 | Swamp:2  | You fall into a shaft and drop 1 floor!
 33522 | Swamp:2  | Noticed Jorgrun
 33527 | Swamp:2  | Killed Jorgrun
 33719 | Swamp:2  | Reached XP level 16. HP: 109/157 MP: 15/15
 33731 | Swamp:2  | Noticed a tentacled monstrosity
 33739 | Swamp:2  | Killed a tentacled monstrosity
 33740 | Swamp:2  | Reached skill level 5 in Stealth
 34056 | Swamp:2  | Noticed Nikola
 34066 | Swamp:2  | Killed Nikola
 34285 | Swamp:3  | Noticed a thorn hunter
 34294 | Swamp:3  | Killed a thorn hunter
 35418 | Snake:1  | Entered Level 1 of the Snake Pit
 36661 | Snake:1  | Reached skill level 1 in Shields
 36975 | Snake:1  | Found Fikhadim's Jewellery Boutique.
 36975 | Snake:1  | Found Wedol's Book Emporium.
 36976 | Snake:1  | Found Boruelon's Book Emporium.
 37904 | Snake:2  | Reached skill level 15 in Armour
 38176 | D:1      | Bought a +3 plate armour of poison resistance for 462 gold
                  | pieces
 40003 | Snake:3  | Noticed Vashnia
 40024 | Snake:3  | Killed Vashnia
 40361 | Snake:3  | Reached XP level 17. HP: 87/170 MP: 16/16
 40374 | Snake:3  | Reached skill level 10 in Evocations
 40895 | Snake:3  | Identified the +1 helmet of Makhleb {Str+4 Dex+4}
 41168 | Snake:4  | Entered Level 4 of the Snake Pit
 41326 | Swamp:4  | Entered Level 4 of the Swamp
 43744 | Swamp:4  | Reached ****** piety under Trog
 44593 | Swamp:4  | Noticed a bone dragon
 44605 | Swamp:4  | Killed a bone dragon
 44704 | Swamp:4  | Got a decaying rune of Zot
 46425 | Snake:4  | Received a gift from Trog
 47224 | Snake:4  | Noticed Saint Roka
 47562 | D:5      | Bought a ring of flight for 245 gold pieces
 47942 | Snake:4  | Killed Saint Roka
 47943 | Snake:4  | Reached XP level 18. HP: 150/180 MP: 17/17
 48507 | Snake:4  | Got a serpentine rune of Zot
 49324 | Elf:1    | Entered Level 1 of the Elven Halls
 49981 | Elf:1    | Identified the +9 rapier "Saitoen" {vorpal, Int+3}
 50528 | D:14     | Found a gate to the Vaults.
 50995 | D:14     | Noticed Rupert
 51008 | D:14     | Killed Rupert
 51248 | D:14     | Found a runed translucent door.
 51439 | Orc:1    | Bought a wand of flame (9) for 20 gold pieces
 51491 | D:8      | Bought a wand of acid (4) for 256 gold pieces
 51815 | D:15     | Entered Level 15 of the Dungeon
 52036 | D:15     | Noticed Kirke
 52051 | D:15     | Killed Kirke
 52617 | D:15     | Found a staircase to the Depths.
 52841 | D:15     | Received a gift from Trog
 52922 | D:15     | Found Enyil's Antique Armour Emporium.
 52929 | D:15     | Bought the +2 cloak of the Thief {*Fog Slay-2 SInv Stlth+}
                  | for 482 gold pieces
 52929 | D:15     | Found the +2 cloak of the Thief {*Fog Slay-2 SInv Stlth+}
 53531 | Vaults:1 | Entered Level 1 of the Vaults
 54176 | Vaults:1 | Found a portal to a secret trove of treasure.
 54330 | Vaults:1 | Reached XP level 19. HP: 179/191 MP: 18/18
 54945 | Vaults:1 | Received a gift from Trog
 55085 | Vaults:1 | Identified the +3 scale mail of the Chupacabra {Str+7}
 56803 | Vaults:2 | Received a gift from Trog
 58430 | Vaults:2 | Found a runed translucent gate.
 58430 | Vaults:2 | Found a runed translucent gate.
 58430 | Vaults:2 | Found a runed translucent gate.
 58431 | Vaults:2 | Noticed Forgeling's ghost (adept FeEn)
 58469 | Vaults:2 | Killed Forgeling's ghost
 60564 | Vaults:3 | Reached skill level 10 in Stealth
 61071 | Vaults:3 | Noticed Boris
 61097 | Vaults:3 | Killed Boris
 61236 | Vaults:3 | Received a gift from Trog
 61805 | Vaults:3 | Reached XP level 20. HP: 186/198 MP: 19/19
 62461 | Vaults:3 | Found a staircase to the Crypt.
 63501 | Vaults:4 | Noticed Aizul
 63512 | Vaults:4 | Killed Aizul
 63653 | Vaults:4 | Received a gift from Trog
 64818 | Vaults:4 | Received a gift from Trog
 65807 | Depths:1 | Entered Level 1 of the Depths
 65814 | Depths:1 | Found Boxkuwki's Book Boutique.
 65891 | Depths:1 | Found Limazod's Jewellery Boutique.
 65891 | Depths:1 | Found Ykekolim's General Store.
 65898 | Depths:1 | Found Ybyc's Assorted Antiques.
 66579 | Depths:1 | Found a gateway to Hell.
 67335 | Depths:2 | Noticed Mara
 67357 | Depths:2 | Received a gift from Trog
 67407 | Depths:2 | Found a one-way gateway to a ziggurat.
 67581 | Depths:2 | Reached XP level 21. HP: 214/214 MP: 20/20
 68123 | Depths:2 | Noticed cbfl8's illusion
 68132 | Depths:2 | Killed Mara
 68218 | Depths:2 | Found a runed translucent gate.
 68218 | Depths:2 | Noticed Firac's ghost (adept DgCj)
 68219 | Depths:2 | Found a runed translucent gate.
 68222 | Depths:2 | Found a runed translucent gate.
 68596 | Depths:2 | Noticed Sojobo
 69002 | Depths:2 | Found a one-way gate leading to the halls of Pandemonium.
 69263 | Depths:2 | Killed Sojobo
 70646 | Depths:2 | Noticed a caustic shrike
 70646 | Depths:2 | Noticed a caustic shrike
 70646 | Depths:2 | Noticed a caustic shrike
 70653 | Depths:2 | Killed a caustic shrike
 70659 | Depths:2 | Killed a caustic shrike
 70659 | Depths:2 | Received a gift from Trog
 70660 | Depths:2 | Killed a caustic shrike
 72152 | Depths:3 | Paralysed by a floating eye for 3 turns
 72752 | Depths:3 | Reached XP level 22. HP: 226/226 MP: 21/21
 72883 | Depths:3 | Found a snail-covered altar of Cheibriados.
 72883 | Depths:3 | Noticed a golden dragon
 72889 | Depths:3 | Killed a golden dragon
 73147 | Depths:4 | Entered Level 4 of the Depths
 73535 | Depths:4 | Noticed a golden dragon
 73550 | Depths:4 | Killed a golden dragon
 73972 | Depths:4 | Found a hide-covered altar of Uskayaw.
 74136 | Depths:4 | Noticed Xtahua
 74144 | Depths:4 | Killed Xtahua
 74938 | Depths:4 | Noticed a golden dragon
 74973 | Depths:4 | Found a gate to the Realm of Zot.
 75015 | Depths:4 | Killed a golden dragon
 75559 | Zig:1    | Entered Level 1 of a ziggurat
 75575 | Zig:2    | Entered Level 2 of a ziggurat
 75731 | Zig:3    | Entered Level 3 of a ziggurat
 75732 | Zig:3    | Noticed Wymmuadgh the pandemonium lord
 75755 | Zig:3    | Killed Wymmuadgh the pandemonium lord
 75993 | Zig:4    | Entered Level 4 of a ziggurat
 75996 | Zig:4    | Noticed Qiosao the pandemonium lord
 76013 | Zig:4    | Killed Qiosao the pandemonium lord
 76143 | Zig:4    | Reached XP level 23. HP: 234/234 MP: 22/22
 76173 | Zig:5    | Entered Level 5 of a ziggurat
 76189 | Zig:5    | Reached skill level 15 in Stealth
 76232 | Zig:5    | Identified the ring "Aqovy Dole" {Fire Contam rPois rCorr}
 76233 | Zig:5    | Identified the +0 scale mail of Gestures {Str+3 Int+3}
 76239 | Zig:5    | Identified the ring "Bauthres" {rF++ Int+6 Dex+3}
 76261 | Zig:6    | Entered Level 6 of a ziggurat
 76265 | Zig:6    | Noticed Foqakot the pandemonium lord
 76282 | Zig:6    | Killed Foqakot the pandemonium lord
 76291 | Zig:6    | HP: 13/354 [demonspawn warmonger/+2 vampiric demon trident
                  | (16)]
 76291 | Zig:6    | Mangled by a demonspawn warmonger

Illustrated notes

Levels and vault maps discovered:
D:1:      dpeg_arrival_erosion, layout_basic, serial_shops,
          nicolae_shop_bloodbath_and_beyond, nicolae_shop_waterfront
D:2:      layout_loops_ring, serial_shops,
          nicolae_shop_competitors_out_of_business,
          nicolae_figureground_sparkle, uniq_natasha
D:3:      layout_basic, cheibrodos_sewer_entry_sluice,
          hellmonk_ecumenical_altar_leap_of_faith, grunt_decor_mini_mirrors
D:4:      layout_loops_ring, minmay_misc_feat_encased, minmay_bent
D:5:      layout_gridville, grunt_ashenzari_visionary
          [grunt_ashenzari_visionary_swamp, grunt_ashenzari_visionary_snake],
          serial_shops, shop, uniq_blork_the_orc
D:6:      cheibrodos_helix_gallery, layout_rooms,
          chequers_serial_rivers_small_b, uniq_maggie, uniq_prince_ribbit1
D:7:      layout_loops_cross, minmay_temple_entry_large_hall, serial_shops,
          shop_fountains, kennysheep_small_spiral
D:8:      layout_cave_pods, gammafunk_temple_overflow_claw, lair_entry_dummy,
          serial_shops, nicolae_shop_crystal, nicolae_shop_overgrown_old_shop,
          shop_fountains, nicolae_shop_trees, kennysheep_cross_room,
          uniq_maurice, uniq_erica
D:9:      layout_roguey, grunt_temple_overflow_forces_of_nature,
          old_standard_altar, minmay_orc_entry_temple_small,
          minmay_protected_statue
D:10:     hangedman_cross_cluster, layout_rooms,
          mainiacjoe_overflow_small_starburst, hangedman_incinerator
D:11:     layout_roguey, serial_shops, shop, roderic_serpentine_path,
          uniq_nergalle
D:12:     minmay_razor_zed, layout_long_grid, kennysheep_nub,
          nemelex_diamond_rough_becter
D:13:     layout_basic
D:14:     layout_rooms, erik_vaults_1, grunt_decor_clamped, minmay_st_funbox,
          uniq_rupert
D:15:     grunt_enter_depths_snipers, layout_loops_ring, serial_shops, shop,
          hangedman_decor_clover_reticule, wad_rectangle_vault, uniq_kirke
Lair:1:   layout_regular_city, beast_lair_carwin_1
Lair:2:   layout_loops_ring, minmay_swamp_entry_reptiles,
          minmay_stone_trees_small, beast_lair_carwin_3
Lair:3:   layout_long_grid, minmay_snake_entry_guardpost_medium,
          lemuel_fruit_fields
Lair:4:   layout_cave_pods, grunt_megastairs_4
Lair:5:   layout_roguey, dpeg_slime_entry_enclosed_altar,
          nicolae_lair_liquid_snakes
Lair:6:   hellmonk_lair_end_abyssal_woods, layout_regular_city, minivault_23,
          lemuel_fruit_fields
Swamp:1:  layout_basic_swamp, evilmike_swamp_ruin_house_4
Swamp:2:  layout_basic_swamp, evilmike_swamp_ruin_rubble_2, swamp_pool5,
          nicolae_swamp_rocky_clearing, infiniplex_staircase_pool, uniq_jorgrun,
          uniq_nikola
Swamp:3:  layout_basic_swamp, serial_swamp_ruin, evilmike_swamp_ruin_rubble_1,
          evilmike_swamp_ruin_house_1, hangedman_swamp_ruin_hall
Swamp:4:  swamp_pestilence, layout_basic_swamp
Snake:1:  nicolae_snake_nest, layout_chambers, nicolae_snake_storage_room,
          minmay_shop_grove
Snake:2:  layout_layer_cave, lemuel_fruit_tree
Snake:3:  layout_rooms, serial_bayou_lagoon_a, uniq_vashnia
Snake:4:  snake_pit_salamanders_mu, layout_cave_town, uniq_saint_roka
Orc:1:    layout_caves, serial_shops, nicolae_shop_hallway_stairs,
          portal_ice_cave_entry_pillars_2
Orc:2:    st_orc_congregation, layout_diamond_mine, basic_altar
Elf:1:    minmay_elf_arrival_circle, layout_gridlike, minmay_elf_annihilation,
          nicolae_concentric_dashed_squares_mild
Vaults:1: v_pattern_2, nicolae_vaults_three_branches,
          nicolae_vaults_border_crossing, ontoclasm_vaults_bender,
          ontoclasm_vaults_spin, st_diamondy, ontoclasm_vaults_ring_square,
          hangedman_vaults_capsules, nicolae_vaults_network_periphery,
          serial_ice_h, ontoclasm_vaults_tryst, v_misc_13, v_alt_pattern_4,
          ontoclasm_vaults_ring_small, nicolae_vaults_little_squares_5,
          vaults_room_pools, layout_vaults_maze,
          nicolae_trove_entry_path_of_doom
Vaults:2: gammafunk_ghost_necromancy, vaults_room_semicircle,
          grunt_vaults_funnel, vaults_room_grunt_arrival_ludios,
          vaults_room_corners, v_alt_pattern_5, ontoclasm_vaults_pinch,
          v_alt_pattern_4, v_rooms_1, v_misc_18, layout_vaults_omnigrid
Vaults:3: nicolae_vaults_mini_display_case, v_misc_2, grunt_vaults_focal,
          hangedman_vaults_locks, ontoclasm_vaults_shout, v_rooms_2,
          minmay_crypt_entry_simple_walls, ontoclasm_vaults_ligature,
          vaults_room_stairs_pillars, hangedman_vaults_stretched_pinwheel,
          v_misc_8, layout_vaults_chaotic_city, uniq_boris
Vaults:4: hangedman_vaults_corner_blocks, hangedman_vaults_nails,
          nicolae_vaults_shelves_hall, nicolae_vaults_big_ls,
          nicolae_vaults_angled_halls, v_misc_33, st_cells,
          vaults_room_door_hall, v_pattern_1, vaults_room_door_hall, v_misc_17,
          layout_vaults_omnibox, uniq_aizul
Depths:1: layout_twisted_cross, hangedman_coc_ice_floe,
          minmay_misc_feat_hallway, kennysheep_generic_room_16, minmay_shoptagon
Depths:2: minmay_diamond_stairs, layout_gridlike, enter_ziggurat_e,
          rand_demon_pan_entry_3, hell_entry, biasface_ghost_demon_polymorph,
          dk_noncrumbling_3, minmay_misc_feat_four_crosses, patterned_corridor,
          uniq_sojobo, uniq_mara
Depths:3: pf_snail_temple, layout_gridlike, hell_entry,
          abyss_entry_small_statue_room, kennysheep_cross_bottleneck
Depths:4: grunt_twist_and_shout, layout_gridlike, nicolae_uskayaw_en_pointe,
          hell_entry, serial_bayou_shore_a, uniq_margery, uniq_xtahua
Zig:6

Skill      XL: |  1  2  3  4  5  6  7  8  9 10 11 12 13 14 15 16 17 18 19 20 21 22 23 |
---------------+----------------------------------------------------------------------+-----
Fighting       | 4 5 6 7 8 10 11 13 14 16 18 19 20 21 23 24 25 | 25.8
Axes           | 4 5 6 7 9 10 12 13 15 16 18 19 20 21 22 23 24 25 | 25.8
Armour         | 3 4 5 6 8 9 10 11 12 13 14 15 16 17 18 19 | 19.5
Dodging        | 3 4 6 7 9 10 11 | 11.5
Stealth        | 1 2 4 5 7 8 10 12 14 15 | 15.0
Polearms       | 5 6 |  6.9
Evocations     | 1 3 5 6 7 8 9 10 11 12 13 14 | 14.9
Shields        | 1 |  1.3

Action                   |  1- 3 |  4- 6 |  7- 9 | 10-12 | 13-15 | 16-18 | 19-21 | 22-24 || total
-------------------------+-------+-------+-------+-------+-------+-------+-------+-------++-------
Melee: Hand axe          |    81 |   118 |   200 |       |       |       |       |       ||   399
       Headbutt          |    12 |    26 |    59 |   112 |   268 |   346 |   407 |   104 ||  1334
       Punch             |     1 |     1 |     4 |       |       |       |       |       ||     6
       War axe           |       |       |    68 |       |       |       |       |       ||    68
       Bardiche          |       |       |    84 |    26 |       |       |       |       ||   110
       Battleaxe         |       |       |       |   488 |  1031 |  1209 |  1314 |   274 ||  4316
       Broad axe         |       |       |       |       |       |    57 |       |       ||    57
Throw: Throwing net      |       |       |       |     1 |       |       |       |       ||     1
Invok: Berserk           |       |     1 |     6 |    21 |    17 |    16 |    26 |    10 ||    97
       Trog's Hand       |       |       |     1 |     3 |     3 |     4 |     1 |     4 ||    16
       Brothers in Arms  |       |       |       |     3 |     2 |     9 |    12 |     1 ||    27
Evoke: Wand              |       |       |       |    12 |    35 |    46 |     5 |     2 ||   100
  Use: Potion            |       |       |     4 |    12 |    10 |     6 |     6 |     3 ||    41
       Scroll            |       |       |       |    21 |    13 |    15 |     8 |     1 ||    58
 Stab: Petrified         |       |       |       |     1 |       |       |       |       ||     1
       Distracted        |       |       |       |       |       |     4 |     4 |       ||     8
       Sleeping          |       |       |       |       |       |       |    20 |     1 ||    21
Armor: Animal skin       |     6 |       |       |       |       |       |       |       ||     6
       Chain mail        |    16 |    72 |   158 |       |       |       |       |       ||   246
       Plate armour      |       |       |    94 |   359 |       |   438 |       |       ||   891
       Storm dragon scal |       |       |       |   122 |   392 |   203 |   580 |    96 ||  1393
       Crystal plate arm |       |       |       |       |       |       |       |    32 ||    32
Dodge: Dodged            |    38 |    59 |   147 |   286 |   744 |   840 |   884 |   175 ||  3173
Block: Tower shield      |       |       |       |       |       |    17 |       |       ||    17
